 Dungeon Crawl Stone Soup version 0.31-a0-182-gc5ef74bbde (webtiles) character file.

Game seed: 13194992687560588187

2 Midn8 the Shooter (level 1, -1/16 HPs)
             Began as a Formicid Hunter on June 21, 2023.
             Was a Follower of Nemelex Xobeh.
             Slain by a gnoll
             ... wielding a +0 whip
              (3 damage)
             ... on level 1 of the Dungeon.
             The game lasted 00:00:41 (155 turns).

Midn8 the Shooter (Formicid Hunter)                  Turns: 155, Time: 00:00:41

Health: -1/16      AC:  3    Str: 15    XL:     1   Next: 33%
Magic:  1/1        EV: 12    Int:  8    God:    Nemelex Xobeh [*.....]
Gold:   20         SH:  0    Dex: 17    Spells: 0/0 levels left

rFire   . . .        a - +0 shortbow
rCold   . . .        (no shield)
rNeg    . . .        c - +0 leather armour
rPois   .            (helmet unavailable)
rElec   .            (no cloak)
rCorr   .            (no gloves)
SInv    +            (no boots)
Will    .....        (no amulet)
Stlth   ++           (no ring)
HPRegen 0.22/turn    (no ring)
MPRegen 0.07/turn

%: no passive effects
@: no status effects
A: permanent stasis, dig shafts and tunnels, antennae 3, four strong arms
a: Dig, Shaft Self, Renounce Religion, Draw Escape, Draw Destruction, Draw
Summoning


You were on level 1 of the Dungeon.
You worshipped Nemelex Xobeh.
Nemelex Xobeh was aware of your devotion.
You visited 1 branch of the dungeon, and saw 1 of its levels.

You collected 20 gold pieces.

Inventory:

Hand Weapons
 a - a +0 shortbow (weapon)
Armour
 c - a +0 leather armour (worn)
Scrolls
 b - a scroll of butterflies


   Skills:
 - Level 2.1 Fighting
 + Level 4.1 Ranged Weapons
 - Level 1.7 Dodging
 - Level 1.2 Stealth


You couldn't memorise any spells.
You didn't know any spells.
Your spell library was empty.

Dungeon Overview and Level Annotations

Branches:
Dungeon (1/15)

Altars:
Nemelex Xobeh


Innate Abilities, Weirdness & Mutations

You cannot be hasted, slowed, berserked, paralysed or teleported.
You can dig through walls and to a lower floor.
You have a pair of large antennae on your head. (SInv)
Your four strong arms can wield two-handed weapons with a shield.


Message History

You are too injured to fight recklessly!
You are too injured to fight recklessly!
Non-targeted abil: Dig
Press: ? - help, Q - select action, (/) - cycle Dir - look around, f - activate Look: a gnoll, wielding a +0 whip You extend your mandibles.
Unknown command.
Fire: a) +0 shortbow
Press: ? - help, Q - select action, (/) - cycle Shift-Dir - straight line, p - gnoll You shoot an arrow.
The arrow hits the gnoll.
The gnoll is moderately wounded.
The gnoll hits you with a +0 whip.
* * * LOW HITPOINT WARNING * * *
Fire: a) +0 shortbow
Press: ? - help, Q - select action, (/) - cycle Shift-Dir - straight line, f - gnoll
Aim: a gnoll, wielding a +0 whip (moderately wounded, 66% to hit)
You shoot an arrow. The arrow hits the gnoll.
The gnoll is heavily wounded.
The gnoll misses you.
Fire: a) +0 shortbow
Press: ? - help, Q - select action, (/) - cycle Shift-Dir - straight line, f/p - gnoll
Aim: a gnoll, wielding a +0 whip (heavily wounded, 66% to hit)
You shoot an arrow.
The arrow hits the gnoll but does no damage.
The gnoll is heavily wounded.
The gnoll hits you with a +0 whip.
* * * LOW HITPOINT WARNING * * *
Fire: a) +0 shortbow
Press: ? - help, Q - select action, (/) - cycle Shift-Dir - straight line, f/p - gnoll
Aim: a gnoll, wielding a +0 whip (heavily wounded, 66% to hit)
You shoot an arrow. The arrow closely misses the gnoll.
The gnoll closely misses you. The gnoll barely misses you.
Unknown command.
Fire: a) +0 shortbow
Press: ? - help, Q - select action, (/) - cycle Shift-Dir - straight line, f/p - gnoll
Aim: a gnoll, wielding a +0 whip (heavily wounded, 66% to hit)
You shoot an arrow. The arrow closely misses the gnoll.
The gnoll hits you with a +0 whip.
You die...
Your body disappears without a glow.

#.'~~~~_~~~~'.#
#.#.#..#..#.#.#
#.#.#..#..#.#.#
#.#....#....#.#
#.#.........#.#
#.###########.#
#.#.#.#######.# #
#.......##....#
...####.##.).†g@..###
#.........#..##.##
#.#.#.#K#.#.#.##.#
......†.##.......#
#.#.#{#.......##.#
...g..####.####.#
#.#.#.# #.#....#
..K.. #.#.##.# #.#.
#.#.##.#


You could see a gnoll.

Vanquished Creatures
  A frilled lizard (D:1)
  A kobold (D:1)
  A rat (D:1)
3 creatures vanquished.

Notes
Turn   | Place    | Note
-------+----------+-------------------------------------------
     0 | D:1      | Midn8 the Formicid Hunter began the quest for the Orb.
     0 | D:1      | Reached XP level 1. HP: 16/16 MP: 1/1
    66 | D:1      | Found a faded altar of an unknown god.
   119 | D:1      | Prayed at the altar of an unknown god.
   119 | D:1      | Became a worshipper of Nemelex Xobeh the Trickster
   119 | D:1      | Reached * piety under Nemelex Xobeh
   155 | D:1      | Slain by a gnoll

Illustrated notes

Levels and vault maps discovered:
D:1:      saegor_arrival_simple_d, layout_loops_cross,
          shapermc_ecumenical_altar_notcrosses, st_stairs_8

Action                     || total
---------------------------++-------
   Fire: Shortbow          ||    13
Ability: Dig               ||     1
  Dodge: Dodged            ||     3

Table legend: (Time is in decaauts)
 A = Elapsed time spent in this place.
 B = Non-inter-level travel time spent in this place.
 C = Inter-level travel time spent in this place.
 D = Time resting spent in this place.
 E = Time spent auto-exploring this place.
 F = Levels seen in this place.
 G = Mean time per level.
                   A        B        C        D        E       F      G
               +--------+--------+--------+--------+--------+-----+--------+
         Total |    159 |    142 |     17 |      0 |    107 |   1 |  159.0 |
       Dungeon |    159 |    142 |     17 |      0 |    107 |   1 |  159.0 |
               +--------+--------+--------+--------+--------+-----+--------+

Top non-repeatable levels by time:
     D:1: 159 daAuts
